 Dungeon Crawl Stone Soup version 0.29-a0-338-g1ff7896281 (webtiles) character file.

Game seed: 814704639642374740

51 Jortsu the Shield-Bearer (level 3, -1/23 HPs)
             Began as a Gargoyle Fighter on Apr 18, 2022.
             Slain by Natasha (4 damage)
             ... on level 2 of the Dungeon.
             The game lasted 00:01:44 (1011 turns).

Jortsu the Shield-Bearer (Gargoyle Fighter)         Turns: 1011, Time: 00:01:45

Health: -1/23      AC: 10    Str: 21    XL:     3   Next: 83%
Magic:  3/3        EV:  9    Int:  8    God:
Gold:   105        SH:  4    Dex:  9    Spells: 2/2 levels left

rFire   . . .      SeeInvis .   a - +0 flail
rCold   . . .      Faith    .   c - +0 buckler
rNeg    + . .      Spirit   .   b - +0 scale mail
rPois   ∞          Reflect  .   (no helmet)
rElec   +          Harm     .   (no cloak)
rCorr   .          Rampage  .   (no gloves)
Will    .....                   (no boots)
Stlth   ..........              (no amulet)
HPRegen 0.07/turn               (no ring)
MPRegen 0.08/turn               (no ring)

@: no status effects
A: sickness immunity, AC +3, negative energy resistance 1, electricity
resistance, torment resistance 1, petrification resistance
a: no special abilities


You were on level 2 of the Dungeon.
You visited 1 branch of the dungeon, and saw 2 of its levels.

You collected 105 gold pieces.

Inventory:

Hand Weapons
 a - a +0 flail (weapon)
Missiles
 e - a throwing net (quivered)
Armour
 b - a +0 scale mail (worn)
 c - a +0 buckler (worn)
Scrolls
 f - a scroll of identify
Potions
 d - a potion of might
 j - a potion of lignification


   Skills:
 + Level 3.4 Fighting
 + Level 2.4 Maces & Flails
 + Level 3.8 Armour
 + Level 0.4 Dodging
 + Level 0.1 Stealth
 + Level 4.1 Shields


You had 2 spell levels left.
You didn't know any spells.
Your spell library was empty.

Dungeon Overview and Level Annotations

Branches:
Dungeon (2/15)

Altars:

Shops:
D:1 (

Annotations:
D:2 Natasha


Innate Abilities, Weirdness & Mutations

You are immune to sickness and miasma.
Your stone body is resilient. (AC +3)
You are immune to poison.
You resist negative energy. (rN+)
You are resistant to electric shocks. (rElec)
You are resistant to unholy torment.
You are immune to petrification.


Message History

Natasha mumbles some strange words.
The quokka barely misses you. You block the kobold's attack.
You closely miss the kobold. The quokka bites you.
The kobold hits you but does no damage.
The quokka bites you but does no damage.
You hit the kobold.
The kobold is severely wounded.
You block the kobold's attack. The quokka bites you.
You sock the kobold!
You kill the kobold!
The quokka barely misses you. The endoplasm hits you.
The quokka closely misses you.
Natasha mumbles some strange words.
You sock the endoplasm!
You kill the endoplasm!
The quokka bites you but does no damage.
You barely miss Natasha. The quokka bites you.
Natasha claws you but does no damage. The quokka barely misses you.
Natasha claws you!
You barely miss Natasha.
The quokka bites you but does no damage.
Natasha mumbles some strange words.
The quokka bites you but does no damage.
You sock Natasha!
Natasha is severely wounded.
The quokka bites you.
* * * LOW HITPOINT WARNING * * *
Natasha claws you but does no damage.
You barely miss Natasha.
Natasha is severely wounded.
The quokka bites you.
* * * LOW HITPOINT WARNING * * *
Natasha claws you but does no damage.
The quokka bites you but does no damage.
You completely miss Natasha.
Natasha is severely wounded.
Natasha claws you.
* * * LOW HITPOINT WARNING * * *
The quokka closely misses you. Natasha claws you.
You die...

...#...........#....#....#
###................>......
#..#.###.##.#............
#..#.# #.................
###.#.# ###.....>.........
....#.##.....#!#..........
.........###.#.555.......#
.........# #...#h####...##
....#.##.#...###@# ....
......# ..#$ #r....[....
###..## . # .....#...##
#..# .###..# ###..## ##
..# ......###.# ..#
..........# .. ......#####
... ..)...#####


You could see Natasha, 2 crimson imps, a shadow imp (summoned) and a quokka.

Vanquished Creatures
  Natasha (D:2)
  A dart slug (D:1)
  5 bats (D:1)
  3 endoplasms
  A giant cockroach (D:2)
  A goblin (D:1)
  3 hobgoblins
  A kobold (D:2)
  A quokka (D:1)
  A ball python (D:1)
  2 frilled lizards (D:1)
  3 rats (D:1)
23 creatures vanquished.

Notes
Turn   | Place    | Note
-------+----------+-------------------------------------------
     0 | D:1      | Jortsu the Gargoyle Fighter began the quest for the Orb.
     0 | D:1      | Reached XP level 1. HP: 14/14 MP: 1/1
    42 | D:1      | Found Pysucwea's Weapon Boutique.
   168 | D:1      | Reached XP level 2. HP: 18/19 MP: 2/2
   836 | D:2      | Noticed Natasha
   841 | D:2      | Noticed a crimson imp
   847 | D:2      | Noticed a crimson imp
   848 | D:2      | Killed Natasha
   849 | D:2      | Reached skill level 4 in Shields
   849 | D:2      | Reached XP level 3. HP: 16/23 MP: 3/3
   994 | D:2      | Noticed Natasha
  1011 | D:2      | Slain by Natasha

Illustrated notes

Levels and vault maps discovered:
D:1:      amcnicky_arrival_abandoned_market, layout_rooms, serial_shops,
          nicolae_shop_bloodbath_and_beyond
D:2:      layout_rooms, dreamdust_ecumenical_altar_angels_and_demons,
          minmay_pentomino_t2, uniq_natasha

Skill      XL: |  1  2 |
---------------+-------+-----
Shields        | 4 |  4.1
Fighting       | |  3.4
Maces & Flails | |  2.4
Armour         | |  3.8
Dodging        | |  0.4
Stealth        | |  0.1

Action                   || total
-------------------------++-------
Melee: Flail             ||   113
  Use: Scroll            ||     4
Armor: Scale mail        ||   101
Dodge: Dodged            ||   100
Block: Buckler           ||    43

Table legend: (Time is in decaauts)
 A = Elapsed time spent in this place.
 B = Non-inter-level travel time spent in this place.
 C = Inter-level travel time spent in this place.
 D = Time resting spent in this place.
 E = Time spent auto-exploring this place.
 F = Levels seen in this place.
 G = Mean time per level.
                   A        B        C        D        E       F      G
               +--------+--------+--------+--------+--------+-----+--------+
         Total |   1048 |   1010 |     38 |     95 |    582 |   2 |  524.0 |
       Dungeon |   1048 |   1010 |     38 |     95 |    582 |   2 |  524.0 |
               +--------+--------+--------+--------+--------+-----+--------+

Top non-repeatable levels by time:
     D:1: 851 daAuts
     D:2: 197 daAuts
